 Dungeon Crawl Stone Soup version 0.24.0-123-gd5b16e6ec5 (webtiles) character file.

Game seed: 285380547554326587, levelgen mode: deterministic

99 Martska the Charmwright (level 5, -5/40 HPs)
             Began as a Human Skald on Feb 10, 2020.
             Slain by a wyvern skeleton (9 damage)
             ... on level 3 of the Dungeon.
             The game lasted 00:06:03 (4590 turns).

Martska the Charmwright (Human Skald)               Turns: 4590, Time: 00:06:04

Health: -5/40      AC:  5    Str: 12    XL:     5   Next: 2%
Magic:  8/8        EV: 11    Int: 14    God:
Gold:   138        SH:  0    Dex: 12    Spells: 2/8 levels left

rFire    . . .     SeeInvis .   a - +0 falchion
rCold    . . .     Gourm    .   (no shield)
rNeg     . . .     Faith    .   b - +0 leather armour
rPois    .         Spirit   .   g - +0 helmet
rElec    .         Reflect  .   (no cloak)
rCorr    .         Harm     .   j - +0 pair of gloves
MR       .....                  (no boots)
Stlth    +.........             (no amulet)
HPRegen  0.13/turn              (no ring)
MPRegen  0.11/turn              (no ring)

@: heavily drained
A: no striking features
a: no special abilities


You were on level 3 of the Dungeon.
You were not hungry.

You visited 1 branch of the dungeon, and saw 3 of its levels.

You collected 138 gold pieces.

Inventory:

Hand Weapons
 a - a +0 falchion (weapon)
Missiles
 e - 60 stones (quivered)
Armour
 b - a +0 leather armour (worn)
 g - a +0 helmet (worn)
 j - a +0 pair of gloves (worn)
Jewellery
 p - an uncursed amulet of harm
Scrolls
 c - a scroll of noise {unknown}
 h - 4 scrolls of identify {unknown}
 i - a scroll of enchant weapon {unknown}
 k - a scroll of blinking {unknown}
 l - 2 scrolls of fog {unknown}
 o - a scroll of immolation {unknown}
 q - 2 scrolls of remove curse {unknown}
Potions
 f - a potion of brilliance {unknown}
 m - a potion of lignification {unknown}
 n - 2 potions of degeneration {unknown}
Comestibles
 d - 4 rations


   Skills:
 * Level 2.8(1.2) Fighting
 * Level 2.8(1.3) Long Blades
 + Level 1.5(0.0) Armour
 + Level 2.4(0.8) Dodging
 + Level 2.2(0.6) Spellcasting
 + Level 0.8(0.0) Hexes
 + Level 3.3(1.6) Charms
 + Level 0.5(0.0) Translocations


You had 2 spell levels left.
You knew the following spells:

 Your Spells              Type           Power        Failure   Level  Hunger
a - Infusion              Chrm           #...         17%         1    ##.....
b - Shroud of Golubria    Chrm/Tloc      #.....       36%         2    ###....
c - Spectral Weapon       Hex/Chrm       #.......     58%         3    ####...

Your spell library contained the following spells:

 Spells                   Type           Power        Failure   Level  Hunger
 Song of Slaying          Chrm           #.......     26%         2    ###....
 Regeneration             Chrm/Necr      #.........   58%         3    ####...


Dungeon Overview and Level Annotations

Branches:
Dungeon (3/15)

Altars:
Cheibriados
Uskayaw


Message History

The wyvern skeleton is heavily damaged.
The wyvern skeleton bites you but does no damage.
You slash the wyvern skeleton!
The wyvern skeleton is severely damaged.
The wyvern skeleton bites you!
* * * LOW HITPOINT WARNING * * *
The wyvern skeleton bites you.
* * * LOW HITPOINT WARNING * * *
You hit the wyvern skeleton.
The wyvern skeleton is severely damaged.
The wyvern skeleton bites you.
* * * LOW HITPOINT WARNING * * *
You barely miss the wyvern skeleton.
The wyvern skeleton is severely damaged.
The wyvern skeleton barely misses you.
The wyvern skeleton bites you but does no damage.
You barely miss the wyvern skeleton.
The wyvern skeleton is severely damaged.
The wyvern skeleton bites you!
You die...

#........................
#...........#..)....#..##
#..........###.....###.##
#..........# ##...## #.##
#..........####.### #.#.
#..........##...# #...
#..........##.#.# ##..
#..........##.#.# #.#
########@##...#.# ##.#
##Z...###.# ###ZS#
#.>######.####..<..
#..##....)........[
#.....###.####.....
########.######.####.....
#.........##.....รท.......
#.........#......###.....
#........................


You could see a wyvern skeleton.

Vanquished Creatures
  3 gnolls (D:2)
  2 adders (D:2)
  A worm (D:2)
  A dart slug (D:1)
  2 leopard geckos
  2 bats (D:1)
  4 giant cockroaches
  3 goblins
  5 hobgoblins
  7 jackals
  3 kobolds (D:1)
  2 frilled lizards
  11 rats
46 creatures vanquished.

Notes
Turn   | Place    | Note
-------+----------+-------------------------------------------
     0 | D:1      | Martska the Human Skald began the quest for the Orb.
     0 | D:1      | Reached XP level 1. HP: 16/16 MP: 3/3
  1048 | D:1      | Reached XP level 2. HP: 10/22 MP: 5/5
  1260 | D:1      | Learned a level 2 spell: Shroud of Golubria
  1876 | D:1      | Reached XP level 3. HP: 26/28 MP: 6/6
  1886 | D:1      | Learned a level 3 spell: Spectral Weapon
  2346 | D:2      | Found a snail-covered altar of Cheibriados.
  2469 | D:2      | Found a hide-covered altar of Uskayaw.
  2539 | D:2      | Reached XP level 4. HP: 18/34 MP: 1/7
  4023 | D:2      | Reached XP level 5. HP: 31/40 MP: 8/8
  4590 | D:3      | Slain by a wyvern skeleton

Levels and vault maps discovered:
D:1:      tarquinn_simple_flora_water_f, layout_loops_ring, glass_columns_b,
          minmay_rat_gold_closets
D:2:      layout_basic, overflow_temple_1_default, overflow_temple_1_default
D:3:      layout_rooms, first_ration, uniq_jessica

Action                   |  1- 3 |  4- 6 || total
-------------------------+-------+-------++-------
Melee: Falchion          |   142 |    69 ||   211
 Cast: Infusion          |     4 |     3 ||     7
 Stab: Sleeping          |     1 |       ||     1
  Eat: Chunk             |     5 |       ||     5
       Ration            |       |     2 ||     2
Armor: Leather armour    |    39 |    30 ||    69
Dodge: Dodged            |   113 |    69 ||   182
       Rpst.: Falchion   |    35 |    23 ||    58
